 Dungeon Sprint DCSS version 0.31-a0-949-g57150269e1 (webtiles) character file.

Game seed: 15627819657099735845

30082 sircluck the Brawler (level 13, -21/156 HPs)
             Began as a Troll Berserker on Oct 22, 2023.
             Was a High Priest of Trog.
             Demolished by a death knight
             ... wielding a +0 great mace
              (29 damage)
             ... in the Dungeon (Sprint VII: "The Pits").
             The game lasted 00:09:58 (2966 turns).

sircluck the Brawler (Troll Berserker)              Turns: 2966, Time: 00:09:59

Health: -21/156    AC:  7    Str: 38    XL:     13   Next: 18%
Magic:  12/12      EV: 15    Int:  6    God:    Trog [*****.]
Gold:   33         SH:  0    Dex: 10    Spells: 12/12 levels left

rFire   . .          .
                       - Unarmed
rCold   . . .        (no shield)
rNeg    . . .        A - +0 troll leather armour
rPois   .            n - +0 hat {Stlth+}
rElec   .            z - +0 cloak {Stlth+}
rCorr   .            (gloves unavailable)
SInv    .            (boots unavailable)
Will    .....        (no amulet)
Stlth   +++          k - +3 ring of dexterity
HPRegen 2.06/turn    m - +3 ring of strength
MPRegen 0.13/turn

%: no teleportation
@: lethally poisoned (-21 -> -38)
A: large, unfitting armour, claws 3, regeneration 1, shaggy fur 1, tough skin 1,
hooves 1, clever 1, strong 1
a: Renounce Religion, Berserk, Trog's Hand, Brothers in Arms


You were in the Dungeon.
You worshipped Trog.
Trog was extremely pleased with you.
You visited 1 branch You collected 33 gold pieces.

Inventory:

Missiles
 E - a throwing net
Armour
 a - a +0 animal skin
 n - a +0 hat of stealth (worn)
 w - +0 steam dragon scales
 z - a +0 cloak of stealth (worn)
 A - a +0 troll leather armour (worn)
Jewellery
 k - a +3 ring of dexterity (left claw)
 m - a +3 ring of strength (right claw)
 v - a ring of see invisible
 y - a ring of fire
 D - the amulet of Qazlal's Approval {RegenMP SInv}
   (You took it off a necromancer in the Dungeon)

   [amulet of magic regeneration]

   RegenMP:   It increases your rate of magic regeneration.
   SInv:      It lets you see invisible.
Wands
 x - a wand of charming (4)
 B - a wand of polymorph (9)
 C - a wand of digging (6)
Scrolls
 g - 2 scrolls of blinking
 i - 2 scrolls of vulnerability
 j - a scroll of summoning
 o - 2 scrolls of fear
 p - 4 scrolls of enchant weapon
 q - 5 scrolls of identify
 r - 2 scrolls of enchant armour
 u - a scroll of fog
Potions
 b - 12 potions of curing
 c - 9 potions of heal wounds
 d - 2 potions of haste
 e - 4 potions of magic
 f - 3 potions of berserk rage
 h - 3 potions of invisibility
 l - a potion of mutation
 s - 2 potions of resistance
 t - a potion of might


   Skills:
 + Level 17.1 Fighting
 + Level 8.5 Armour
 + Level 16.9 Dodging
 + Level 19.8 Unarmed Combat


You had 12 spell levels left.
You didn't know any spells.
Your spell library was empty.

Dungeon Overview and Level Annotations

Branches:
Dungeon (1/1)

Altars:
Ashenzari
Cheibriados
Dithmenos
Elyvilon
Fedhas
Gozag
Hepliaklqana
Kikubaaqudgha
Makhleb
Nemelex Xobeh
Okawaru
Qazlal
Ru
Sif Muna
Trog
Uskayaw
Vehumet
Wu Jian
Xom
Yredelemnul
Zin
The Shining One
Jiyva
Lugonu


Innate Abilities, Weirdness & Mutations

You are too large for most types of armour.
You have claws for hands.
Your natural rate of healing is unusually fast.
You are covered in fur. (AC +1)
You have tough skin. (AC +1)
You have large cloven feet.
Your mind is acute. (Int +4, Str/Dex -1)
Your muscles are strong. (Str +4, Int/Dex -1)


Message History

The bolt of poison hits the swamp dragon!
The bolt of poison hits your troll!!!
Your troll is poisoned.
The bolt of poison hits you!!!
You are poisoned.
* * * LOW HITPOINT WARNING * * *
The swamp dragon barely misses your troll. x3
The death knight misses you.
Your troll closely misses the swamp dragon. x2
Your troll claws the swamp dragon!
Unknown command.
You feel much better.
You feel very sick.
Your troll barely misses the swamp dragon.
Your troll claws the swamp dragon! x2
The rime drake barely misses your troll.
The nagaraja casts a spell.
The nagaraja seems to speed up.
The swamp dragon bites your troll. The swamp dragon claws your troll.
The swamp dragon tramples your troll!
Your troll holds its ground!
The death knight hits you with a +0 great mace!
* * * LOW HITPOINT WARNING * * *
Your troll completely misses the swamp dragon.
Your troll claws the swamp dragon.
Your troll barely misses the swamp dragon.
The rime drake bites your troll.
Unknown command.
Unknown command.
Your ogre goes berserk!
You feel very sick.
Your troll dies!
Your troll's corpse disappears in a puff of smoke!
The nagaraja points at you and mumbles some strange words.
The bolt of poison hits the swamp dragon!
The swamp dragon roars deafeningly!
The bolt of poison hits you!!
You are more poisoned.
* * * LOW HITPOINT WARNING * * *
The death knight hits you with a +0 great mace!!
You die...

##############..#....#..#*,,*,,,,
....).......''..........#*,,,,,*,
...)).......''..........#*,,,,,,,
#####)####..##..#....#..#****++*+
.#.#.#)#.#..##..........++,,,,,*~
#.#.#.#)##..##..........++,,,,,*~
)#.#|#|#(#..####''####''#********
#.#.#.#.##..####''####''#########
.#.#.#.#.#..##.p@O..##...........
##########..##.#§##.##..........)
............##.#kD4.##))#########
............##,'(N#.##..#,,*,,*,,
#++##########*.#.)',##..#,,*,,**+
#++###########.'.:#.*#..#,,,,,*,,
........##..##,##+#.##..#,,****,,
.#......##..#*,,,,,,##..#,,+,,,,,
........''..#********#†.#,,####..


You could see a nagaraja (fast), a death knight (ally target), a swamp dragon, a
rime drake, a +4 trident of protection and a friendly ogre (summoned, berserk).

Vanquished Creatures
  A curse toe (D)
  Nikola (D)
  Arachne (D)
  A deep elf blademaster (D)
  Gastronok (D)
  An alligator snapping turtle (D)
  Urug (D)
  A hell hog (D)
  An orc high priest (D)
  A deep elf knight (D)
  A sea snake (D)
  A deep troll (D)
  A lindwurm (D)
  Pikel (D)
  An orc knight (D)
  An orc sorcerer (D)
  An elephant (D)
  An orange demon (D)
  A cane toad (D)
  2 kobold demonologists (D)
  2 freezing wraiths (D)
  An ice devil (D)
  2 unseen horrors (D)
  A red devil (D)
  2 polar bears (D)
  A troll (D)
  4 blink frogs (D)
  A glass eye (D)
  A snapping turtle (D)
  A flying skull (D)
  An air elemental (D)
  A shadow (D)
  A wraith (D)
  A fire bat (D)
  A water elemental (D)
  A steam dragon (D)
  A redback (D)
  An acid dragon (D)
  2 wargs (D)
  2 hell hounds (D)
  Duvessa (D)
  A sky beast (D)
  4 orc warriors (D)
  4 wolves (D)
  An ogre (D)
  2 gnoll sergeants (D)
  A wight (D)
  Dowan (D)
  A crimson imp (D)
  2 orc priests (D)
  4 orc wizards (D)
  An adder (D)
  17 gnolls (D)
  A river rat (D)
  A white imp (D)
  8 orcs (D)
  A ball python (D)
  A bat skeleton (D)
  An endoplasm (D)
  A giant cockroach (D)
  4 hobgoblins (D)
  A frilled lizard (D)
108 creatures vanquished.

Vanquished Creatures (collateral kills)
  A stone giant (D)
  A purple draconian (D)
  A catoblepas (D)
  A two-headed ogre (D)
  A death yak (D)
  A demonic crawler (D)
  A shadow wraith (D)
  A swamp dragon (D)
  A necromancer (D)
  An ugly thing (D)
  An orc knight (D)
  A gargoyle (D)
  An eye of devastation (D)
  A merfolk (D)
  A troll (D)
  An ice devil (D)
  A polar bear (D)
  A red devil (D)
  A fire bat (D)
  A warg (D)
  3 hell hounds (D)
  An orc warrior (D)
  2 ice beasts (D)
  6 wolves (D)
  A gnoll sergeant (D)
  A bullfrog (D)
  2 wights (D)
  A gnoll bouda (D)
  An iguana (D)
  4 gnolls (D)
  2 adder skeletons (D)
  2 orcs (D)
  A bat skeleton (D)
  A giant cockroach (D)
  A quokka (D)
  A ball python zombie (D)
50 creatures vanquished.

Grand Total: 158 creatures vanquished

Notes
Turn   | Place    | Note
-------+----------+-------------------------------------------
     0 | D        | sircluck the Troll Berserker began the quest for the Orb.
     0 | D        | Reached XP level 1. HP: 22/22 MP: 0/0
    26 | D        | Found a bloodstained altar of Trog.
    26 | D        | Found a shimmering blue altar of Sif Muna.
    26 | D        | Found a viscous altar of Jiyva.
    26 | D        | Found a hazy altar of Hepliaklqana.
    26 | D        | Found an opulent altar of Gozag.
    27 | D        | Found a glowing golden altar of the Shining One.
    27 | D        | Found a glowing silver altar of Zin.
    27 | D        | Found a basalt altar of Yredelemnul.
    27 | D        | Found a shimmering altar of Xom.
    27 | D        | Found an ornate altar of the Wu Jian Council.
    27 | D        | Found a sacrificial altar of Ru.
    27 | D        | Found a stormy altar of Qazlal.
    27 | D        | Found an iron altar of Okawaru.
    27 | D        | Found a sparkling altar of Nemelex Xobeh.
    27 | D        | Found a burning altar of Makhleb.
    27 | D        | Found a blossoming altar of Fedhas.
    27 | D        | Found a white marble altar of Elyvilon.
    27 | D        | Found a shadowy altar of Dithmenos.
    27 | D        | Found a snail-covered altar of Cheibriados.
    31 | D        | Found a corrupted altar of Lugonu.
    31 | D        | Found a radiant altar of Vehumet.
    32 | D        | Found a broken altar of Ashenzari.
    32 | D        | Found an ancient bone altar of Kikubaaqudgha.
    32 | D        | Found a hide-covered altar of Uskayaw.
    70 | D        | Reached ** piety under Trog
    95 | D        | Reached skill level 4 in Unarmed Combat
    95 | D        | Reached XP level 2. HP: 19/31 MP: 1/1
    97 | D        | Reached *** piety under Trog
   147 | D        | Noticed Duvessa
   148 | D        | Noticed a gnoll sergeant
   164 | D        | Reached XP level 3. HP: 39/39 MP: 2/2
   177 | D        | Reached **** piety under Trog
   189 | D        | Noticed Dowan
   204 | D        | Killed a gnoll sergeant
   205 | D        | Reached skill level 5 in Fighting
   205 | D        | Reached skill level 6 in Unarmed Combat
   205 | D        | Reached XP level 4. HP: 50/50 MP: 3/3
   207 | D        | Reached skill level 5 in Dodging
   214 | D        | Reached ***** piety under Trog
   215 | D        | Reached XP level 5. HP: 55/57 MP: 4/4
   221 | D        | Killed Dowan
   222 | D        | Reached skill level 7 in Unarmed Combat
   271 | D        | Killed Duvessa
   272 | D        | Reached skill level 8 in Unarmed Combat
   272 | D        | Reached XP level 6. HP: 71/71 MP: 5/5
   412 | D        | Noticed a flying skull
   422 | D        | Killed a flying skull
   423 | D        | Reached skill level 9 in Unarmed Combat
   441 | D        | Noticed a blink frog
   459 | D        | Killed a blink frog
   459 | D        | Received a gift from Trog
   460 | D        | Reached XP level 7. HP: 75/81 MP: 6/6
   466 | D        | Noticed a fire bat
   466 | D        | Noticed Pikel
   477 | D        | Killed Pikel
   478 | D        | Reached skill level 10 in Unarmed Combat
   478 | D        | Reached XP level 8. HP: 61/92 MP: 7/7
   483 | D        | Reached skill level 11 in Unarmed Combat
   532 | D        | Noticed an orc high priest
   532 | D        | Noticed an orc knight
   547 | D        | Killed an orc knight
   548 | D        | Reached skill level 10 in Fighting
   548 | D        | Reached skill level 10 in Dodging
   550 | D        | Noticed an ice devil
   558 | D        | Killed an orc high priest
   558 | D        | Received a gift from Trog
   559 | D        | Reached skill level 12 in Unarmed Combat
   559 | D        | Reached XP level 9. HP: 59/102 MP: 8/8
   578 | D        | Reached ****** piety under Trog
   579 | D        | Reached skill level 13 in Unarmed Combat
   583 | D        | Received a gift from Trog
   727 | D        | Noticed a red devil
   737 | D        | Killed a red devil
   757 | D        | Killed an unseen horror
  1208 | D        | Noticed a polar bear
  1313 | D        | Noticed a kobold demonologist
  1321 | D        | Killed a kobold demonologist
  1324 | D        | Noticed a lindwurm
  1329 | D        | Killed a polar bear
  1333 | D        | Received a gift from Trog
  1334 | D        | Reached XP level 10. HP: 54/115 MP: 9/9
  1336 | D        | Killed a lindwurm
  1337 | D        | Reached skill level 14 in Unarmed Combat
  1462 | D        | Noticed a gargoyle
  1465 | D        | Identified the +1 executioner's axe "Dehocsuj" {flame,
                  | Str+3} (Trog gifted it to you in the Dungeon)
  1465 | D        | Received a gift from Trog
  1470 | D        | Killed a gargoyle
  1474 | D        | Identified the +4 giant spiked club of Lust {flame, rF+ rN+
                  | Dex+3} (Trog gifted it to you in the Dungeon)
  1474 | D        | Received a gift from Trog
  1479 | D        | Reached skill level 15 in Unarmed Combat
  1486 | D        | Noticed a cane toad
  1490 | D        | Killed a cane toad
  1491 | D        | Received a gift from Trog
  1582 | D        | Noticed an alligator snapping turtle
  1582 | D        | Noticed a swamp dragon
  1583 | D        | Noticed Gastronok
  1597 | D        | Killed an alligator snapping turtle
  1597 | D        | Received a gift from Trog
  1598 | D        | Killed a swamp dragon
  1599 | D        | Reached XP level 11. HP: 45/128 MP: 10/10
  1603 | D        | Killed Gastronok
  1604 | D        | Reached skill level 16 in Unarmed Combat
  1698 | D        | Noticed a two-headed ogre
  1698 | D        | Noticed a purple draconian
  1700 | D        | Noticed Urug
  1706 | D        | Killed a two-headed ogre
  1710 | D        | Killed a purple draconian
  1713 | D        | Killed a shadow wraith
  1716 | D        | Received a gift from Trog
  1722 | D        | Reached skill level 17 in Unarmed Combat
  1726 | D        | Killed Urug
  1735 | D        | Received a gift from Trog
  1887 | D        | Gained mutation: You have sharp toenails. [potion of
                  | mutation]
  1887 | D        | Gained mutation: Your spells are a little easier to cast,
                  | but a little less powerful. [potion of mutation]
  1887 | D        | Gained mutation: You sometimes lose your temper in combat.
                  | [potion of mutation]
  1887 | D        | Lost mutation: Your spells are a little easier to cast, but
                  | a little less powerful. [potion of mutation]
  1888 | D        | Lost mutation: You sometimes lose your temper in combat.
                  | [potion of mutation]
  1888 | D        | Lost mutation: You have sharp toenails. [potion of
                  | mutation]
  1888 | D        | Gained mutation: You are frail. (-10% HP) [potion of
                  | mutation]
  1888 | D        | Gained mutation: You are very frail. (-20% HP) [potion of
                  | mutation]
  1888 | D        | Gained mutation: You are strong-willed. (Will+) [potion of
                  | mutation]
  1889 | D        | Lost mutation: You are strong-willed. (Will+) [potion of
                  | mutation]
  1889 | D        | Lost mutation: You are very frail. (-20% HP) [potion of
                  | mutation]
  1889 | D        | Lost mutation: You are frail. (-10% HP) [potion of
                  | mutation]
  1889 | D        | Gained mutation: You have large cloven feet. [potion of
                  | mutation]
  1889 | D        | Gained mutation: Your system is resistant to poisons.
                  | (rPois) [potion of mutation]
  1890 | D        | Lost mutation: Your system is resistant to poisons. (rPois)
                  | [potion of mutation]
  1890 | D        | Lost mutation: You have large cloven feet. [potion of
                  | mutation]
  1890 | D        | Gained mutation: Your mind is acute. (Int +4, Str/Dex -1)
                  | [potion of mutation]
  1890 | D        | Gained mutation: Your muscles are strong. (Str +4, Int/Dex
                  | -1) [potion of mutation]
  1890 | D        | Gained mutation: You have large cloven feet. [potion of
                  | mutation]
  1911 | D        | Noticed an orc knight
  1911 | D        | Noticed an orc knight
  1911 | D        | Noticed an orc knight
  1911 | D        | Noticed an orc knight
  1911 | D        | Noticed an orc knight
  1911 | D        | Noticed an orc warlord
  1911 | D        | Noticed an orc warlord
  1911 | D        | Noticed an orc knight
  1911 | D        | Noticed a vault guard
  1911 | D        | Noticed a naga warrior
  1911 | D        | Noticed an orc knight
  1911 | D        | Noticed an orc knight
  1911 | D        | Noticed a swamp dragon
  1911 | D        | Noticed a soul eater
  1911 | D        | Noticed a spriggan rider
  1960 | D        | Received a gift from Trog
  1971 | D        | Reached skill level 15 in Fighting
  2012 | D        | Paralysed by an air elemental for 1 turns
  2021 | D        | Received a gift from Trog
  2099 | D        | Noticed a deep elf blademaster
  2113 | D        | Killed a deep elf blademaster
  2114 | D        | Reached skill level 15 in Dodging
  2177 | D        | Noticed an orc sorcerer
  2178 | D        | Noticed an orc knight
  2186 | D        | Killed an orc sorcerer
  2193 | D        | Noticed a death yak
  2198 | D        | Killed an orc knight
  2198 | D        | Received a gift from Trog
  2199 | D        | Reached XP level 12. HP: 137/143 MP: 11/11
  2204 | D        | Killed a death yak
  2206 | D        | Reached skill level 18 in Unarmed Combat
  2277 | D        | Received a gift from Trog
  2390 | D        | Noticed a curse toe
  2399 | D        | Killed a curse toe
  2400 | D        | Reached skill level 5 in Armour
  2414 | D        | Noticed Nikola
  2425 | D        | Killed Nikola
  2576 | D        | Noticed Arachne
  2586 | D        | Received a gift from Trog
  2590 | D        | Killed Arachne
  2591 | D        | Reached skill level 19 in Unarmed Combat
  2595 | D        | Received a gift from Trog
  2626 | D        | Received a gift from Trog
  2640 | D        | Noticed a demonic crawler
  2642 | D        | Killed a demonic crawler
  2643 | D        | Reached XP level 13. HP: 111/154 MP: 12/12
  2651 | D        | Identified the amulet of Qazlal's Approval {RegenMP SInv}
  2654 | D        | Received a gift from Trog
  2654 | D        | Identified the +5 leather armour of Anaesthesia {rN+}
  2725 | D        | Noticed a minotaur
  2953 | D        | Noticed a stone giant
  2953 | D        | Noticed a nagaraja
  2959 | D        | Killed a stone giant
  2966 | D        | Demolished by a death knight

Illustrated notes

Levels and vault maps discovered:
D:        pitsprint [storerooms_1, entrance_room_1, metal_vault_4, armoury_1,
          mini_pit_1, grid_room_1, main_hall_1, silver_pit, the_coven_3,
          the_vestibule_1, steel_vault_4, golden_pit, hallway_of_sentries,
          crystal_vault_2, iron_vault_4, final_vault]

Skill      XL: |  1  2  3  4  5  6  7  8  9 10 11 12 13 |
---------------+----------------------------------------+-----
Fighting       | 3 5 7 8 9 10 11 13 15 16 17 | 17.1
Dodging        | 3 4 5 6 8 9 10 11 13 15 16 | 16.9
Unarmed Combat | 4 6 8 9 10 12 13 15 17 19 | 19.8
Armour         | 2 7 8 |  8.5

Action                     |  1- 3 |  4- 6 |  7- 9 | 10-12 | 13-15 || total
---------------------------+-------+-------+-------+-------+-------++-------
  Melee: Unarmed           |    35 |    40 |    76 |   185 |     8 ||   344
         Punch             |     1 |     3 |     5 |    17 |     1 ||    27
         Kick              |       |       |       |    21 |     3 ||    24
 Invoke: Berserk           |     1 |     1 |     3 |     4 |       ||     9
         Brothers in Arms  |       |       |       |     9 |     2 ||    11
    Use: Potion            |       |       |     2 |     4 |     1 ||     7
         Scroll            |       |       |       |     1 |       ||     1
   Stab: Sleeping          |       |       |       |     1 |       ||     1
         Distracted        |       |       |       |     1 |       ||     1
 Armour: Animal skin       |    23 |    19 |    53 |    71 |       ||   166
         Steam dragon scal |       |       |       |    27 |       ||    27
         Troll leather arm |       |       |       |    27 |    18 ||    45
  Dodge: Dodged            |    18 |    18 |    22 |    88 |     6 ||   152

Table legend: (Time is in decaauts)
 A = Elapsed time spent in this place.
 B = Non-inter-level travel time spent in this place.
 C = Inter-level travel time spent in this place.
 D = Time resting spent in this place.
 E = Time spent auto-exploring this place.
 F = Levels seen in this place.
 G = Mean time per level.
                   A        B        C        D        E       F      G
               +--------+--------+--------+--------+--------+-----+--------+
         Total |   2957 |   2877 |     80 |   1571 |    416 |   1 | 2957.0 |
       Dungeon |   2957 |   2877 |     80 |   1571 |    416 |   1 | 2957.0 |
               +--------+--------+--------+--------+--------+-----+--------+

Top non-repeatable levels by time:
       D: 2957 daAuts
